 Dungeon Crawl Stone Soup version 0.31.0-11-ge490571c62 (webtiles) character file.

Game seed: 11689081563572914014

18 RustandSilver the Ducker (level 2, -1/16 HPs)
             Began as a Felid Berserker on Jan 27, 2024.
             Was a Follower of Trog.
             Slain by a jackal (3 damage)
             ... on level 1 of the Dungeon.
             The game lasted 00:03:18 (732 turns).

RustandSilver the Ducker (Felid Berserker)           Turns: 732, Time: 00:03:19

Health: -1/16      AC:  1    Str: 13    XL:     2   Next: 51%
Magic:  0/3        EV: 18    Int: 10    God:    Trog [*.....]
Gold:   31         SH:  0    Dex: 15    Spells: 1/1 levels left
                                        Lives:  0   Deaths: 1

rFire   . .          .
                       - Unarmed
rCold   . . .        (shield unavailable)
rNeg    . . .        (body armour unavailable)
rPois   .            (helmet unavailable)
rElec   .            (cloak unavailable)
rCorr   .            (gloves unavailable)
SInv    +            (boots unavailable)
Will    .....        h - amulet of guardian spirit
Stlth   +            (no ring)
HPRegen 0.22/turn    (no ring)
MPRegen 0.08/turn

%: guardian spirit
@: on berserk cooldown, slowed, very slow
A: very small, claws 1, fangs 3, see invisible, shaggy fur 1, stealthy paws, no
weapons or thrown items, no armour, multi-lived
a: Renounce Religion, Berserk


You were on level 1 of the Dungeon.
You worshipped Trog.
Trog was aware of your devotion.
You visited 1 branch of the dungeon, and saw 1 of its levels.

You collected 31 gold pieces.

Inventory:

Armour
 a - an orb of mayhem
Jewellery
 h - an amulet of guardian spirit (around neck)
Talismans
 f - a blade talisman
Scrolls
 d - a scroll of revelation {unknown}
 e - 2 scrolls of amnesia {unknown}
 g - a scroll of enchant weapon {unknown}
Potions
 b - a potion of brilliance {unknown}
 c - a potion of enlightenment {unknown}


   Skills:
 + Level 3.4 Fighting
 + Level 4.3 Dodging
 + Level 3.3 Unarmed Combat


You had one spell level left.
You didn't know any spells.
Your spell library was empty.

Dungeon Overview and Level Annotations

Branches:
Dungeon (1/15)

Altars:


Innate Abilities, Weirdness & Mutations

You have sharp claws.
You have razor-sharp teeth.
You have supernaturally acute eyesight. (SInv)
You are covered in fur. (AC +1)
Your paws help you pounce on unaware monsters.
You are incapable of wielding weapons or throwing items.
You cannot wear armour.
You gain extra lives every three experience levels.


Message History

You claw the hobgoblin!
You kill the hobgoblin!
Trog accepts your kill.
You barely miss the hobgoblin. The hobgoblin misses you.
You closely miss the hobgoblin. The hobgoblin hits you.
* * * LOW HITPOINT WARNING * * *
You claw the endoplasm!
You kill the endoplasm!
Trog accepts your kill.
You claw the hobgoblin!
You kill the hobgoblin!
Trog accepts your kill.
You see here a hobgoblin corpse.
You feel a strong urge to attack something.
A jackal comes into view.
You feel your anger nearly subside.
You are no longer berserk.
You are exhausted.
You feel yourself slow down.
The jackal barks!
A jackal comes into view.
The jackal barely misses you. The jackal bites you.
* * * LOW HITPOINT WARNING * * *
The jackal closely misses you. The jackal attacks as it pursues you!
The jackal bites you.
* * * LOW HITPOINT WARNING * * *
The jackal misses you. The jackal closely misses you.
The jackal barks!
You scratch the jackal.
The jackal is heavily wounded.
The jackal closely misses you.
You scratch the jackal.
You kill the jackal!
Trog accepts your kill. The jackal misses you. The jackal barely misses you.
The jackal misses you.
You scratch the jackal.
The jackal is heavily wounded.
The jackal closely misses you. The jackal bites you.
You die...

#.........########.............#
#...........#...##.............#
#......##..†....#######........#
#+###. #.......#######[.......#
# #............##†.......##
#.......#......†...#'###.
###.....+......###.#.###.
#.#...#.##.#.# #.#...#.
...+...@....#)# #.#.#.#.
###J#..h#.##.#.# #...#.#.
..............# #.#.#.#.
#.#######.##.#######.#.#.
#..............#.
####............. #.h######.#.##
#.# #..... ######


You could see a jackal.

Vanquished Creatures
  3 endoplasms (D:1)
  A giant cockroach (D:1)
  A goblin (D:1)
  2 hobgoblins (D:1)
  A jackal (D:1)
  2 quokkas (D:1)
  A ball python (D:1)
  A bat (D:1)
  A frilled lizard (D:1)
  3 kobolds (D:1)
  A rat (D:1)
17 creatures vanquished.

Notes
Turn   | Place    | Note
-------+----------+-------------------------------------------
     0 | D:1      | RustandSilver the Felid Berserker began the quest for the
                  | Orb.
     0 | D:1      | Reached XP level 1. HP: 12/12 MP: 2/2
   373 | D:1      | Reached XP level 2. HP: 15/16 MP: 3/3
   447 | D:1      | Constricted to death by a ball python
   447 | D:1      | Lost a life (0 lives remaining)
   714 | D:1      | HP: 1/24 [hobgoblin (4)]
   732 | D:1      | Slain by a jackal

Illustrated notes

Levels and vault maps discovered:
D:1:      elethiomel_arrival_maze, layout_basic

Action                     || total
---------------------------++-------
  Melee: Unarmed           ||    49
         Bite              ||     2
         Punch             ||     1
 Invoke: Berserk           ||     1
   Stab: Sleeping          ||     2
 Armour: Skin              ||    23
  Dodge: Dodged            ||    67
         Form:             ||     1
         Blade             ||     1
